 Dungeon Crawl Stone Soup version 0.17-a0-1174-ge06b3cc (webtiles) character file.

178596 onwiheg the Bludgeoner (level 17, -1/169 HPs)
             Began as a Centaur Berserker on May 27, 2015.
             Was the Champion of Trog.
             Slain by a redback (11 damage)
             ... on level 4 of the Spider Nest on May 29, 2015.
             The game lasted 03:07:15 (29529 turns).

onwiheg the Bludgeoner (Centaur Berserker)         Turns: 29529, Time: 03:07:16

Health: -1/169     AC: 24    Str: 21    XL:     17   Next: 58%
Magic:  17/17      EV: 17    Int:  9    God:    Trog [******]
Gold:   3608       SH:  0    Dex: 25    Spells: 0 memorised, 16 levels left

rFire  . . .     SeeInvis +     C - +4 great mace of Success {speed, Int+2 SInv}
rCold  + + +     Clarity  .     E - +7 ring mail of Evadoxe {-Cast rC+ Regen+}
rNeg   . . .     SustAt   .     (no shield)
rPois  +         Gourm    .     F - +0 hat of the Ward {rElec Int-2 Dex+10}
rElec  +         Spirit   .     b - +2 cloak {rPois}
rCorr  +         Warding  .     D - +2 pair of gloves
rMut   .         Stasis   .     a - +0 centaur barding {rC+}
MR     ++...     NoCast   +     M - amulet of resist corrosion
Stlth  ..........               p - ring "Keroaqanute" {rC+ MR+ Int+3 Stlth-}
                                c - +6 ring of evasion

@: lethally poisoned (-1 -> -2), about to teleport, slowed, very resistant to
hostile enchantments, extremely unstealthy
A: hooves 3, deformed body, speed 2, tough skin 3
a: Burn Spellbooks, Berserk, Trog's Hand, Brothers in Arms, Renounce Religion


You were on level 4 of the Spider Nest.
You worshipped Trog.
Trog was exalted by your worship.
You were very hungry.

You visited 4 branches of the dungeon, and saw 31 of its levels.
You also visited: Labyrinth and Ice Cave.

You collected 3933 gold pieces.
You spent 325 gold pieces at shops.

Inventory:

Hand weapons
 y - a +2 great mace of protection
 C - the +4 great mace of Success (weapon) {speed, Int+2 SInv}
   (Trog gifted it to you on level 9 of the Dungeon)

   Attacks with this weapon are significantly faster.
   It affects your intelligence (+2).
   It lets you see invisible.
 T - a +0 blowgun
Missiles
 h - 89 poisoned needles
 O - 12 curare-tipped needles
Armour
 a - a +0 centaur barding of cold resistance (worn)
 b - a +2 cloak of poison resistance (worn)
 l - a +0 cloak of magic resistance
 n - a +2 centaur barding
 D - a +2 pair of gloves (worn)
 E - the +7 ring mail of Evadoxe (worn) {-Cast rC+ Regen+}
   (You found it on level 6 of the Dungeon)

   It protects you from cold.
   It prevents spellcasting.
   It increases your rate of regeneration.
 F - the +0 hat of the Ward (worn) {rElec Int-2 Dex+10}
   (You acquired it on level 15 of the Dungeon)

   It affects your intelligence (-2).
   It affects your dexterity (+10).
   It insulates you from electricity.
 G - the +1 leather armour of Oqup {rElec rC- MP+9 Dex+4, unknown}
   (You found it on level 2 of the Spider Nest)

   It affects your dexterity (+4).
   It makes you vulnerable to cold.
   It insulates you from electricity.
   It affects your magic capacity (+9).
Jewellery
 c - a +6 ring of evasion (left hand)
 o - the ring "Naggafal" {SustAt rPois MR+ Int-5 SInv}
   (You found it in a labyrinth)

   [ring of sustain attributes]

   It sustains your strength, intelligence and dexterity.
   It affects your intelligence (-5).
   It protects you from poison.
   It affects your resistance to hostile enchantments.
   It lets you see invisible.
 p - the ring "Keroaqanute" (right hand) {rC+ MR+ Int+3 Stlth-}
   (You found it in a labyrinth)

   [ring of loudness]

   It affects your intelligence (+3).
   It protects you from cold.
   It affects your resistance to hostile enchantments.
   It makes you less stealthy.
 L - a cursed ring of teleportation {unknown}
 M - an amulet of resist corrosion (around neck)
 Q - the ring "Puzinyzoli" {-Tele +Fly rF+ rN+ Str+4}
   (You took it off a tengu conjurer on level 15 of the Dungeon)

   [ring of flight]

   It affects your strength (+4).
   It protects you from fire.
   It protects you from negative energy.
   It lets you fly.
   It prevents most forms of teleportation.
Magical devices
 s - a wand of fire (4)
 t - a wand of disintegration (3)
 H - a wand of draining (3)
 I - a wand of digging (2)
 K - a wand of cold (6)
 W - a wand of invisibility (2)
 X - a wand of cold (0)
Scrolls
 f - 6 scrolls of blinking
 i - 5 scrolls of fog
 k - 2 scrolls of enchant armour
 v - a scroll of enchant weapon
 w - 3 scrolls of remove curse
 x - 4 scrolls of recharging
 J - 9 scrolls of fear
 P - a scroll of holy word
Potions
 d - 2 potions of invisibility
 e - 5 potions of might
 j - 3 potions of heal wounds
 r - 4 potions of curing
 u - 2 potions of agility
 z - 2 potions of resistance
 A - a potion of brilliance
 B - 2 potions of haste
Comestibles
 g - 20 bread rations
 m - 5 meat rations


   Skills:
 + Level 19.7 Fighting
 - Level 20.0 Maces & Flails
 - Level 5.0 Armour
 - Level 5.0 Dodging


You had 16 spell levels left.
You didn't know any spells.

Dungeon Overview and Level Annotations

Branches:
Dungeon (15/15)            Temple (0/1) D:5            Lair (8/8) D:11
  Swamp (0/4) Lair:5       Spider (4/4) Lair:3        Slime (0/6) Lair:7
    Orc (4/4) D:10            Elf (0/3) Orc:4        Vaults (0/5) D:14
 Depths (0/5) D:15

Altars:
Ashenzari
Dithmenos
Elyvilon
Fedhas
Gozag
Makhleb
Nemelex Xobeh
Okawaru
Ru
Sif Muna
Xom
Yredelemnul
The Shining One
Beogh
Jiyva

Shops:
D:5 %*   D:13 }*?%*   D:14 %   D:15 [?}   Orc:3 =   Orc:4 (?}?!

Portals:
Pandemonium: Orc:4


Innate Abilities, Weirdness & Mutations

You have hooves in place of feet.
Armour fits poorly on your strangely shaped body.
You cover ground very quickly.
You have extremely tough skin (AC +3).


Message History

The jumping spider leaps!
The wolf spider hits you but does no damage.
The wolf spider bites you but does no damage.
The jumping spider leaps!
The redback bites you but does no damage.
c - a +6 ring of evasion (left hand)
The redback bites you but does no damage.
The wolf spider completely misses you. The wolf spider misses you.
The redback misses you. The torpor snail bites you!!
* * * LOW HITPOINT WARNING * * *
Read which item? (? for menu, Esc to quit)
As you read the scroll of teleportation, it crumbles to dust.
You feel strangely unstable.
You feel sick. The redback completely misses you.
The wolf spider closely misses you. x2
The redback bites you!
* * * LOW HITPOINT WARNING * * *
The redback barely misses you. The wolf spider hits you.
* * * LOW HITPOINT WARNING * * *
The wolf spider barely misses you. The redback bites you!
You die...

..^ . .. # #.
.. .# ...
#.###. .^
#<^#.
...#.#.s.
......ss# .
#@## ..#
###sw#
#...###[§.##
...#......#
#....<†.#
#.....#....#
##...#...#..#
..#...####.##
.#.#.# #§


You could see a torpor snail, a wolf spider, a jumping spider and 2 redbacks.

Vanquished Creatures
  Nikola (Spider:1)
  Arachne (Spider:3)
  Kirke (D:15)
  Maud (D:13)
  A frost giant (IceCv)
  A ghost moth (Spider:2)
  An emperor scorpion (Spider:3)
  6 dire elephants (Lair:8)
  Azrael (Spider:1)
  2 ettins (D:15)
  Snorg (Lair:5)
  A minotaur (Lab)
  A deep elf high priest (D:15)
  A yaktaur captain (D:15)
  Josephine (Orc:2)
  A fire dragon (D:15)
  3 entropy weavers
  12 vault guards
  6 hydras
  Harold (Orc:2)
  2 ice dragons
  3 centaur warriors
  5 death yaks
  A catoblepas (D:15)
  An anaconda (Lair:8)
  The ghost of Fluffy the Fighter, an experienced DsGl of Okawaru (D:10)
  A sun demon (Orc:4)
  A tengu warrior (D:15)
  A deep troll shaman (D:15)
  7 orc high priests (Orc:4)
  Nergalle (D:10)
  6 unseen horrors
  An infernal demonspawn (Orc:4)
  An ice statue (IceCv)
  A putrid demonspawn (Orc:4)
  7 orc knights
  7 hill giants
  18 wolf spiders
  A hornet (Spider:4)
  10 orb spiders
  5 manticores
  An oklob plant (D:7)
  The ghost of quik the Cleaver, an experienced HOGl of Ashenzari (D:6)
  4 griffons
  A wolf spider zombie (D:15)
  6 ugly things
  3 cyclopes
  5 orc sorcerers (Orc:4)
  9 black mambas
  2 moths of wrath
  23 elephants
  Joseph (Lair:1)
  2 guardian serpents (D:15)
  A torpor snail (Spider:3)
  2 centaur zombies
  2 naga magi (D:15)
  A black mamba (shapeshifter) (D:15)
  A smoke demon (Orc:4)
  An efreet (D:15)
  7 komodo dragons
  An orange demon (Orc:4)
  11 spiny frogs
  A hellwing (Orc:4)
  11 demonic crawlers
  A freezing wraith (D:14)
  5 tengu conjurers
  6 fire drakes
  13 jumping spiders
  6 trolls
  4 two-headed ogres
  19 polar bears
  A red devil (Orc:4)
  The ghost of Fluffy the Chiller, an average DgIE (D:5)
  22 blink frogs
  11 ravens
  A harpy skeleton (D:15)
  7 slime creatures
  A boulder beetle (Spider:1)
  27 trapdoor spiders
  44 yaks
  30 redbacks
  A wandering mushroom (D:13)
  20 tarantellas
  A human (D:15)
  4 shadows (D:15)
  6 hippogriffs
  2 fire elementals (Spider:1)
  3 wraiths (Orc:2)
  4 hogs (D:15)
  Grum (Lair:1)
  4 basilisks
  2 wyverns
  3 deep elf magi
  A steam dragon (D:10)
  46 wolves
  A vampire mosquito (D:15)
  A neqoxec (Orc:4)
  4 hungry ghosts
  2 insubstantial wisps (D:10)
  3 wargs (D:11)
  3 nagas (D:15)
  4 mottled dragons
  2 hell hounds (Spider:1)
  An eye of draining (D:15)
  A black bear (D:6)
  5 ice beasts
  4 porcupines
  29 spiders
  4 phantoms
  6 sky beasts
  15 water moccasins
  4 wasps
  29 orc warriors
  15 ogres
  17 crocodiles
  The ghost of OrbSeeker the Conjurer, an average OpCj (D:4)
  13 big kobolds (D:8)
  7 centaurs
  2 brain worms
  21 giant frogs
  A gnoll sergeant (D:10)
  A water moccasin skeleton (D:9)
  3 killer bees (D:12)
  9 wights (D:9)
  4 electric eels
  9 crimson imps
  5 centaur skeletons
  2 giant frog zombies
  40 orc priests
  3 giant frog skeletons
  A wyvern simulacrum (D:15)
  4 hounds
  27 orc wizards
  Ijyb (D:2)
  8 jellies
  11 iguanas
  A killer bee zombie (D:5)
  8 worker ants
  4 hell rats (Lair:6)
  24 sheep
  3 hound skeletons
  A hound zombie (D:7)
  A worker ant zombie (D:8)
  Robin (D:2)
  22 adders
  18 gnolls
  38 river rats
  4 shadow imps
  2 giant eyeballs (D:15)
  16 oozes
  An adder skeleton (D:9)
  2 worms (D:2)
  3 giant geckos
  160 orcs
  4 ball pythons
  A bat skeleton (D:5)
  3 giant cockroaches
  40 goblins
  21 hobgoblins
  4 jackals (D:3)
  5 quokkas
  23 bats
  4 giant newts
  A jackal skeleton (D:7)
  29 kobolds
  A quokka skeleton (D:6)
  A quokka zombie (D:6)
  13 rats
  A spectral orc (D:2)
  3 butterflies
  2 fungi
  4 plants (Lair:8)
1311 creatures vanquished.

Vanquished Creatures (others)
  A wolf spider (Spider:1)
  2 river rats (Lair:5)
  2 shadow imps
  10 fungi
15 creatures vanquished.

Grand Total: 1326 creatures vanquished

Notes
Turn   | Place    | Note
--------------------------------------------------------------
     0 | D:1      | onwiheg the Centaur Berserker began the quest for the Orb.
     0 | D:1      | Reached XP level 1. HP: 19/19 MP: 1/1
   157 | D:1      | Reached XP level 2. HP: 17/26 MP: 2/2
   706 | D:2      | Acquired Trog's second power
   710 | D:2      | Reached XP level 3. HP: 26/31 MP: 3/3
   765 | D:2      | Noticed Robin
   768 | D:2      | Reached skill level 4 in Maces & Flails
   778 | D:2      | Killed Robin
   838 | D:2      | Found a shimmering altar of Xom.
   957 | D:2      | Reached XP level 4. HP: 18/38 MP: 4/4
  1181 | D:2      | Noticed Ijyb
  1190 | D:2      | Killed Ijyb
  1200 | D:2      | Reached skill level 5 in Maces & Flails
  1259 | D:2      | Found a basalt altar of Yredelemnul.
  1621 | D:3      | Reached XP level 5. HP: 45/45 MP: 5/5
  2158 | D:4      | Reached skill level 6 in Maces & Flails
  2192 | D:4      | Acquired Trog's third power
  2192 | D:4      | Reached XP level 6. HP: 19/51 MP: 6/6
  2288 | D:4      | Noticed an ogre
  2462 | D:4      | Noticed OrbSeeker's ghost (average OpCj)
  2470 | D:4      | Killed OrbSeeker's ghost
  2484 | D:4      | Found a deep blue altar of Sif Muna.
  2562 | D:4      | Killed an ogre
  2562 | D:4      | Reached skill level 7 in Maces & Flails
  2700 | D:4      | Reached XP level 7. HP: 50/57 MP: 7/7
  2823 | D:5      | Entered Level 5 of the Dungeon
  2940 | D:5      | Found an opulent altar of Gozag.
  2967 | D:5      | Found a staircase to the Ecumenical Temple.
  3075 | D:5      | Found a blossoming altar of Fedhas.
  3255 | D:5      | Reached skill level 8 in Maces & Flails
  3343 | D:5      | Found Tyskalus's Food Emporium.
  3411 | D:5      | Found Wadyaw's Serpentskin Sales.
  3479 | D:5      | Noticed Fluffy's ghost (average DgIE)
  3484 | D:5      | Killed Fluffy's ghost
  3484 | D:5      | Reached skill level 9 in Maces & Flails
  3484 | D:5      | Reached XP level 8. HP: 63/63 MP: 8/8
  3649 | D:6      | Found a shattered altar of Ashenzari.
  3920 | D:6      | Found a glowing golden altar of the Shining One.
  3940 | D:6      | Reached skill level 10 in Maces & Flails
  3943 | D:6      | Got a crude ring mail
  4010 | D:6      | Noticed quik's ghost (experienced HOGl)
  4101 | D:6      | Found a sparkling altar of Nemelex Xobeh.
  4277 | D:6      | Killed quik's ghost
  4305 | D:6      | Reached skill level 11 in Maces & Flails
  4305 | D:6      | Reached XP level 9. HP: 60/69 MP: 9/9
  4673 | D:7      | Noticed an oklob plant
  5045 | D:7      | Found a burning altar of Makhleb.
  5313 | D:7      | Reached skill level 12 in Maces & Flails
  5333 | D:7      | Found a white marble altar of Elyvilon.
  5343 | D:7      | Received a gift from Trog
  5346 | D:7      | Got a translucent dire flail {god gift}
  5355 | D:7      | Identified the +1 dire flail of Untimely Demise {flame, Int+5} (Trog gifted it to you on level 7 of the Dungeon)
  5560 | D:8      | Identified a scroll of acquirement
  5716 | D:8      | Found a sacrificial altar of Ru.
  5951 | D:8      | Reached skill level 13 in Maces & Flails
  5957 | D:8      | Reached XP level 10. HP: 73/77 MP: 10/10
  6177 | D:8      | Identified the +7 ring mail of Evadoxe {-Cast rC+ Regen+} (You found it on level 6 of the Dungeon)
  6320 | D:9      | Received a gift from Trog
  6341 | D:9      | Got a shimmering great mace {god gift}
  6342 | D:9      | Identified the +4 great mace of Success {speed, Int+2 SInv} (Trog gifted it to you on level 9 of the Dungeon)
  6436 | D:9      | Noticed a hill giant
  6442 | D:9      | Killed a hill giant
  6442 | D:9      | Reached skill level 14 in Maces & Flails
  6626 | D:9      | Found a shadowy altar of Dithmenos.
  6783 | D:10     | Entered Level 10 of the Dungeon
  6869 | D:10     | Noticed Fluffy's ghost (experienced DsGl)
  6891 | D:10     | Killed Fluffy's ghost
  6929 | D:10     | Noticed an unseen horror
  6935 | D:10     | Killed an unseen horror
  6949 | D:10     | Noticed a hill giant
  6957 | D:10     | Killed a hill giant
  6957 | D:10     | Reached skill level 15 in Maces & Flails
  6957 | D:10     | Reached XP level 11. HP: 50/82 MP: 11/11
  7040 | D:10     | Found a staircase to the Orcish Mines.
  7222 | D:10     | Noticed an unseen horror
  7232 | D:10     | Killed an unseen horror
  7278 | D:10     | Noticed Nergalle
  7292 | D:10     | Killed Nergalle
  7488 | D:10     | Reached skill level 16 in Maces & Flails
  7610 | D:10     | Found an iron altar of Okawaru.
  7693 | D:11     | Found a staircase to the Lair.
  7816 | D:11     | Received a gift from Trog
  7858 | D:11     | Reached skill level 5 in Fighting
  8909 | D:12     | Reached XP level 12. HP: 101/101 MP: 12/12
  8918 | D:12     | Noticed a hill giant
  8930 | D:12     | Killed a hill giant
  9498 | D:13     | Found Xidakhloene's Assorted Antiques.
  9765 | D:13     | Found Cudy's Gadget Boutique.
  9888 | D:13     | Noticed a centaur warrior
  9896 | D:13     | Killed a centaur warrior
  9896 | D:13     | Reached skill level 10 in Fighting
  9902 | D:13     | Found Isoull's General Store.
 10053 | D:13     | Noticed Maud
 10063 | D:13     | Killed Maud
 10148 | D:13     | Found Fiakhl Mullet's Magic Scroll Emporium.
 10149 | D:13     | Found Ting's Food Shoppe.
 10630 | Lair:1   | Entered Level 1 of the Lair of Beasts
 10775 | Lair:1   | Received a gift from Trog
 10810 | Lair:1   | Noticed Joseph
 10845 | Lair:1   | Killed Joseph
 11380 | Lair:1   | Noticed Grum
 11389 | Lair:1   | Killed Grum
 11563 | Lair:2   | Reached XP level 13. HP: 108/119 MP: 13/13
 12125 | Lair:2   | Received a gift from Trog
 12796 | Lair:3   | Found a hole to the Spider Nest.
 13176 | Lair:3   | Reached skill level 15 in Fighting
 13811 | Lair:4   | Noticed Sonja
 13814 | Lair:4   | Noticed Sonja
 13814 | Lair:4   | Sonja changed into Sonja the ogre
 13817 | Lair:4   | Killed Sonja the ogre
 13931 | Lair:4   | Received a gift from Trog
 14368 | Lair:5   | Noticed Snorg
 14390 | Lair:5   | Killed Snorg
 15220 | Lair:5   | Found a staircase to the Swamp.
 15608 | Lair:6   | Reached skill level 5 in Armour
 15675 | Lair:6   | Reached XP level 14. HP: 108/135 MP: 14/14
 16654 | Lair:7   | Reached skill level 5 in Dodging
 16704 | Lair:7   | Found a labyrinth entrance.
 16729 | Lair:7   | Found a viscous altar of Jiyva.
 16729 | Lair:7   | Found a staircase to the Slime Pits.
 16790 | Lab      | Entered a labyrinth
 16879 | Lab      | Got a slimy glass ring
 16890 | Lab      | Got a coiled copper ring
 16890 | Lab      | Got a glittering silver ring
 16914 | Lair:7   | Identified the ring "Keroaqanute" {rC+ MR+ Int+3 Stlth-} (You found it in a labyrinth)
 16916 | Lair:7   | Identified the ring "Naggafal" {SustAt rPois MR+ Int-5 SInv} (You found it in a labyrinth)
 16918 | Lair:7   | Identified the ring of Poudgh {rPois Str+8} (You took it off a minotaur in a labyrinth)
 17031 | Lair:7   | Received a gift from Trog
 17853 | Lair:8   | Entered Level 8 of the Lair of Beasts
 18145 | Lair:8   | Found a frozen archway.
 18241 | IceCv    | Entered an ice cave
 18355 | IceCv    | Reached skill level 17 in Maces & Flails
 18470 | IceCv    | Received a gift from Trog
 18627 | IceCv    | Noticed a frost giant
 18662 | IceCv    | Killed a frost giant
 18928 | Lair:8   | Reached XP level 15. HP: 94/141 MP: 15/15
 18962 | Lair:8   | Found a sparkling altar of Nemelex Xobeh.
 19477 | Lair:8   | Reached skill level 18 in Maces & Flails
 20420 | Lair:1   | Upgraded the game from 0.17-a0-1150-g17b0b87 to 0.17-a0-1164-g0ba867e
 20481 | Orc:1    | Entered Level 1 of the Orcish Mines
 20609 | Orc:1    | Received a gift from Trog
 20834 | Orc:1    | You fall through a shaft!
 21148 | Orc:2    | Noticed Harold
 21159 | Orc:2    | Killed Harold
 21768 | Orc:2    | Noticed Josephine
 21779 | Orc:2    | Killed Josephine
 21888 | Orc:3    | Found a roughly hewn altar of Beogh.
 21929 | Orc:3    | Found Nownoj's Jewellery Shop.
 22006 | Orc:3    | Bought a cursed -2 ring of dexterity for 28 gold pieces
 22207 | Orc:4    | Entered Level 4 of the Orcish Mines
 22207 | Orc:4    | Found a staircase to the Elven Halls.
 22213 | Orc:4    | Received a gift from Trog
 22230 | Orc:4    | Found Xeigaips's Distillery.
 22242 | Orc:4    | Bought 2 potions of degeneration for 24 gold pieces
 22639 | Orc:4    | Found Nyephu's Magic Scroll Boutique.
 22641 | Orc:4    | Found Epeanee's Magic Scroll Shop.
 22762 | Orc:4    | Reached skill level 19 in Maces & Flails
 22971 | Orc:4    | Received a gift from Trog
 23249 | Orc:4    | Received a gift from Trog
 23291 | Orc:4    | Found Leroll's Gadget Emporium.
 23291 | Orc:4    | Found Wunlee's Antique Weapon Shoppe.
 23291 | Orc:4    | Found a one-way gate leading to the halls of Pandemonium.
 23348 | Orc:4    | Bought a scroll of blinking for 105 gold pieces
 23827 | D:14     | Upgraded the game from 0.17-a0-1164-g0ba867e to 0.17-a0-1174-ge06b3cc
 23886 | D:14     | Found a shadowy altar of Dithmenos.
 23993 | D:14     | Found a gate to the Vaults.
 24077 | D:14     | Reached XP level 16. HP: 132/149 MP: 16/16
 24335 | D:14     | Found Gunteni's Food Shop.
 24340 | D:14     | Reached skill level 20 in Maces & Flails
 24508 | D:15     | Entered Level 15 of the Dungeon
 24786 | D:15     | Found Zerghisme's Gadget Shop.
 24824 | D:15     | Paralysed by a giant eyeball for 2 turns
 24931 | D:15     | Received a gift from Trog
 25004 | D:15     | Found Emini's Antique Armour Emporium.
 25005 | D:15     | Got a steaming tin ring
 25012 | D:15     | Bought a distressingly furry leather armour for 168 gold pieces
 25324 | D:15     | Found a staircase to the Depths.
 25367 | D:15     | Got a brightly glowing brass ring
 25519 | D:15     | Got a clouded granite ring
 25533 | D:15     | Identified the ring of Xeda {Str+2 Int+4 Dex+4} (You found it on level 15 of the Dungeon)
 25535 | D:15     | Identified the ring of Insomnia {rPois rN+} (You found it on level 15 of the Dungeon)
 25537 | D:15     | Identified the ring of the Vendetta {rN+ MR+ SInv Stlth+} (You took it off a vault guard on level 15 of the Dungeon)
 25550 | D:15     | Identified the +2 leather armour of Ikiompy {MR- Str+2 Int+4} (You bought it in a shop on level 15 of the Dungeon)
 25658 | D:15     | Noticed Kirke
 25686 | D:15     | Killed Kirke
 25801 | D:15     | Found Yzoymo's Magic Scroll Emporium.
 26014 | D:15     | Got a shimmering pewter ring
 26025 | D:15     | Identified the ring "Puzinyzoli" {-Tele +Fly rF+ rN+ Str+4} (You took it off a tengu conjurer on level 15 of the Dungeon)
 26125 | D:15     | Got a twisted hat
 26136 | D:15     | Identified the +0 hat of the Ward {rElec Int-2 Dex+10} (You acquired it on level 15 of the Dungeon)
 26368 | D:7      | Received a gift from Trog
 26376 | D:7      | Killed an oklob plant
 26584 | Spider:1 | Entered Level 1 of the Spider Nest
 26760 | Spider:1 | Noticed Nikola
 26779 | Spider:1 | Killed Nikola
 26900 | Spider:1 | Noticed Azrael
 27090 | Spider:1 | Killed Azrael
 27508 | Spider:1 | Reached XP level 17. HP: 163/163 MP: 17/17
 27855 | Spider:2 | Received a gift from Trog
 28027 | Spider:2 | Found a roughly hewn altar of Beogh.
 28044 | Spider:2 | Got an aquamarine-encrusted leather armour
 28563 | Spider:3 | Noticed Arachne
 28580 | Spider:3 | Killed Arachne
 29332 | Spider:3 | Got a shimmering flail
 29335 | Spider:3 | Identified the +8 flail of Kifeom {drain, rElec} (You found it on level 3 of the Spider Nest)
 29480 | Spider:4 | Entered Level 4 of the Spider Nest
 29484 | Spider:4 | Received a gift from Trog
 29529 | Spider:4 | Slain by a redback

Vault maps used:
D:1:      sevenhm_arrival_forest_fort_small_4, minmay_misc_feat_square,
          minmay_distorted
D:2:      xom_butterflies, yredelemnul_forgotten_temple_becter, uniq_robin,
          uniq_iyjb
D:4:      led_sif_book, first_bread, minmay_statues_item
D:5:      lemuel_crystal_altar, nicolae_overflow_hidden_temple,
          minmay_temple_entry_nine_rooms, serial_shops, kennysheep_little_box,
          guppyfry_shop_venom
D:6:      nicolae_overflow_crystal_walls, nemelex_deck, grunt_ministairs_2,
          minivault_26, evilmike_ruin_ashenzari
D:7:      lemuel_slime, bloody_makhleb, elyvilon_altar_1, grunt_ogre_cave
D:8:      nicolae_ru_great_annihilating_truth, special_room
D:9:      lemuel_coloured_pillars_altar, roderic_batcave
D:10:     erik_orc_4, basic_altar, hangedman_misty_isle, uniq_nergalle
D:11:     erik_lair_orcish_takeover, minmay_stone_trees_medium
D:13:     serial_shops, shop, nicolae_shop_waterfront, shop, shop,
          nicolae_shop_scaring_up_business, hangedman_abyss_or_decor_slice,
          fungi_pond_lemuel, uniq_maud
D:14:     erik_vaults_2, serial_shops, shop, nicolae_dithmenos_the_darkroom
D:15:     hangedman_spin_cycle
Lair:1:   uniq_grum, uniq_joseph
Lair:2:   beast_lair_carwin_large_4
Lair:3:   spider_nest_entry_webs, cheibrodos_lair_reptile_den
Lair:4:   uniq_sonja
Lair:5:   dragon1_lemuel, swamp_mist_pool, minmay_lair_drake_nest,
          infiniplex_staircase_pool, uniq_snorg
Lair:6:   grunt_forest_small_clearing_treed, infiniplex_staircase_pool_2,
          grunt_megastairs_4, lemuel_fruit_fields, serial_bayou_shore_a
Lair:7:   slime_altar_1, lab_entry_generic, grunt_megastairs_2
Lair:8:   due_jungle_book, basic_altar, portal_ice_cave_entry_dragon
Spider:1: nicolae_trapdoor_corridor, uniq_azrael, uniq_nikola
Spider:2: nicolae_spider_mines_2, uniq_kirke
Spider:3: spiders_nest_spider_trap, uniq_arachne
Spider:4: grunt_spider_rune_island
Orc:2:    nicolae_orc_stony_grotto, uniq_harold, uniq_josephine
Orc:3:    serial_shops, nicolae_shop_statue_plus, basic_altar,
          nicolae_orc_pool_cavern
Orc:4:    pf_orc_diabolical, serial_shops, shop, special_room, library_closet
Lab:      nicolae_lab_dead_adventurers, labyrinth_skeletal_remains,
          nicolae_lab_blocks, nicolae_lab_checkerboard, nicolae_lab_lava
IceCv:    ice_cave_caverns_03

Action                   |  1- 3 |  4- 6 |  7- 9 | 10-12 | 13-15 | 16-18 || total
-------------------------+-------+-------+-------+-------+-------+-------++-------
Melee: Mace              |    96 |   161 |   322 |       |       |       ||   579
       Dire flail        |       |       |    94 |   103 |       |       ||   197
       Great mace        |       |       |       |   724 |  1906 |  1033 ||  3663
Invok: Berserk           |     1 |     3 |     4 |     3 |     6 |     1 ||    18
       Burn Spellbooks   |       |       |       |     5 |     7 |     3 ||    15
Evoke: Wand              |       |    13 |     3 |     4 |     9 |     2 ||    31
  Use: Scroll            |       |       |    10 |     5 |    15 |     7 ||    37
       Potion            |       |       |       |       |       |     2 ||     2
 Stab: Invisible         |       |       |     1 |       |       |       ||     1
       Paralysed         |       |       |     1 |       |       |       ||     1
       Fleeing           |       |       |       |       |     1 |       ||     1
       Distracted        |       |       |       |       |       |     1 ||     1
  Eat: Chunk             |     1 |     7 |    13 |    18 |    37 |    10 ||    86
       Fruit             |       |       |       |       |     2 |       ||     2
       Bread ration      |       |       |       |       |       |     1 ||     1
       Beef jerky        |       |       |       |       |       |     1 ||     1
